 Dungeon Crawl Stone Soup version 0.30-a0-465-g8901f6c8b5 (webtiles) character file.

Game seed: 2872548361685363468

116 HoaS the Shooter (level 5, -2/30 HPs)
             Began as a Tengu Hunter on Dec 17, 2022.
             Slain by an orc priest
             ... wielding a +0 club
              (4 damage)
             ... on level 3 of the Dungeon.
             The game lasted 00:03:06 (1159 turns).

HoaS the Shooter (Tengu Hunter)                     Turns: 1159, Time: 00:03:07

Health: -2/30      AC:  3    Str: 12    XL:     5   Next: 0%
Magic:  6/6        EV: 14    Int:  9    God:
Gold:   95         SH:  0    Dex: 19    Spells: 4/4 levels left

rFire   . . .      SeeInvis .    a - +0 shortbow
rCold   . . .      Faith    .    (shield currently unavailable)
rNeg    . . .      Spirit   .    c - +0 leather armour
rPois   .          Reflect  .    (helmet restricted)
rElec   .          Harm     .    (no cloak)
rCorr   .          Rampage  .    (no gloves)
Will    .....                    (boots unavailable)
Stlth   ++........               (no amulet)
HPRegen 0.25/turn                (no ring)
MPRegen 0.10/turn                (no ring)

@: weak-willed, flying quickly and evasively, quick
A: beak, talons 3, nimble flight
a: no special abilities


You were on level 3 of the Dungeon.
You visited 1 branch of the dungeon, and saw 3 of its levels.

You collected 95 gold pieces.

Inventory:

Hand Weapons
 a - a +0 shortbow (weapon)
Armour
 c - a +0 leather armour (worn)
Scrolls
 b - a scroll of immolation
Potions
 d - a potion of flight
 g - a potion of curing
 h - a potion of attraction {unknown}
 j - a potion of haste {unknown}
 k - 2 potions of lignification
 m - a potion of invisibility {unknown}


   Skills:
 - Level 2.0 Fighting
 + Level 6.7 Ranged Weapons
 - Level 2.1 Dodging
 - Level 1.0 Stealth


You had 4 spell levels left.
You didn't know any spells.
Your spell library was empty.

Dungeon Overview and Level Annotations

Branches:
Dungeon (3/15)

Altars:


Innate Abilities, Weirdness & Mutations

You have a beak for a mouth.
You have claws for feet.
Your magical nature lets you fly swiftly and evasively.


Message History

The orc priest miscasts a cantrip.
You hear a shout!
You shoot an arrow. The arrow hits the orc priest!
You kill the orc priest!
You hear a shout!
You have reached level 5!
Your magical nature develops, letting you fly swiftly and evasively.
You shoot an arrow. The arrow hits the orc priest.
The orc priest is lightly wounded.
An orc comes into view. It is wielding a +0 dagger.
You shoot an arrow.
The arrow hits the orc priest but does no damage.
The orc priest is lightly wounded.
A hobgoblin comes into view.
The orc priest hits you with a +0 club.
You shoot an arrow. The arrow barely misses the orc priest.
The arrow hits the kobold.
The kobold is severely wounded.
The orc priest hits you with a +0 club.
You shoot an arrow.
The arrow hits the orc priest but does no damage.
The orc priest is lightly wounded.
The orc priest mumbles some strange prayers to Beogh against you.
Beogh smites you!
* * * LOW HITPOINT WARNING * * *
You shoot an arrow. The arrow hits the orc priest.
The orc priest is heavily wounded.
The orc priest looks braver for a moment.
You shoot an arrow. The arrow barely misses the orc priest.
The arrow hits the kobold!
You kill the kobold!
The orc hits you with a +0 dagger.
* * * LOW HITPOINT WARNING * * *
The orc priest hits you with a +0 club.
* * * LOW HITPOINT WARNING * * *
You shoot an arrow. The arrow barely misses the orc priest.
The arrow hits the hobgoblin!
You kill the hobgoblin!
The orc hits you but does no damage. The orc priest hits you with a +0 club.
You die...

### ####
#<##...#
#.§....## #
#§§.....## #.
#.§.......
#..##.#.....(.
#..)o@.$##..
#...##o#.# .
......# [)#...
...#..
#.....#.. ..
## ...#.. ## .
.#..##.# .#.##
.# . .. #


You could see an orc priest and an orc.

Vanquished Creatures
  An orc priest (D:3)
  An orc wizard (D:2)
  3 adders (D:2)
  A worm (D:2)
  An orc (D:3)
  6 endoplasms
  2 giant cockroaches
  2 goblins
  A hobgoblin (D:3)
  A quokka (D:1)
  4 ball pythons
  2 bats
  2 frilled lizards (D:1)
  6 kobolds
  A rat (D:1)
34 creatures vanquished.

Notes
Turn   | Place    | Note
-------+----------+-------------------------------------------
     0 | D:1      | HoaS the Tengu Hunter began the quest for the Orb.
     0 | D:1      | Reached XP level 1. HP: 12/12 MP: 2/2
   141 | D:1      | Reached XP level 2. HP: 16/17 MP: 3/3
   319 | D:1      | Reached skill level 5 in Ranged Weapons
   519 | D:2      | Found a faded altar of an unknown god.
   631 | D:2      | Reached XP level 3. HP: 21/21 MP: 4/4
   895 | D:2      | Reached skill level 6 in Ranged Weapons
  1036 | D:3      | Reached XP level 4. HP: 14/26 MP: 5/5
  1153 | D:3      | Gained mutation: Your magical nature lets you fly swiftly
                  | and evasively. [Tengu growth]
  1153 | D:3      | Reached XP level 5. HP: 26/30 MP: 6/6
  1159 | D:3      | Slain by an orc priest

Illustrated notes

Levels and vault maps discovered:
D:1:      mushboom_english_gardens, layout_basic
D:2:      layout_rooms, basic_ecumenical_altar
D:3:      layout_rooms, portal_sewer_entry_b, uniq_grinder

Skill      XL: |  1  2  3 |
---------------+----------+-----
Ranged Weapons | 5 6 |  6.7
Fighting       | |  2.0
Dodging        | |  2.1
Stealth        | |  1.0

Action                   |  1- 3 |  4- 6 || total
-------------------------+-------+-------++-------
 Fire: Shortbow          |    86 |    28 ||   114
  Use: Scroll            |       |     6 ||     6
Armor: Leather armour    |     4 |     3 ||     7
Dodge: Dodged            |    35 |     3 ||    38

Table legend: (Time is in decaauts)
 A = Elapsed time spent in this place.
 B = Non-inter-level travel time spent in this place.
 C = Inter-level travel time spent in this place.
 D = Time resting spent in this place.
 E = Time spent auto-exploring this place.
 F = Levels seen in this place.
 G = Mean time per level.
                   A        B        C        D        E       F      G
               +--------+--------+--------+--------+--------+-----+--------+
         Total |   1191 |   1129 |     62 |    196 |    709 |   3 |  397.0 |
       Dungeon |   1191 |   1129 |     62 |    196 |    709 |   3 |  397.0 |
               +--------+--------+--------+--------+--------+-----+--------+

Top non-repeatable levels by time:
     D:2: 656 daAuts
     D:1: 488 daAuts
     D:3: 47 daAuts
